 Dungeon Sprint DCSS version 0.18.1-5-g4a78601 (webtiles) character file.

145 Hipnos the Covert (level 5, -1/24 HPs)
             Began as a Spriggan Enchanter on May 14, 2016.
             Was an Initiate of Sif Muna.
             Killed from afar by a deep elf mage (19 damage)
             ... with a bolt of fire
             ... in the Dungeon (Sprint III: "The Ten Rune Challenge").
             The game lasted 00:03:44 (357 turns).

Hipnos the Covert (Spriggan Enchanter)               Turns: 357, Time: 00:03:45

Health: -1/24      AC:  3    Str:  4    XL:     5   Next: 6%
Magic:  8/13       EV: 19    Int: 20    God:    Sif Muna [......]
Gold:   19         SH:  0    Dex: 16    Spells: 3 memorised, 8 levels left

rFire  . . .     SeeInvis +     a - +1 dagger
rCold  . . .     Gourm    .     b - +1 robe
rNeg   . . .     Faith    +     (shield restricted)
rPois  .         Spirit   .     (helmet restricted)
rElec  .         Dismiss  .     (no cloak)
rCorr  .         Reflect  .     (gloves unavailable)
SustAt .         Harm     .     (boots unavailable)
MR     .....     NoTele   +     k - amulet of faith
Stlth  ++++++....               (no ring)
                                (no ring)

@: very slightly contaminated, very quick, not resistant to hostile
enchantments, very stealthy
A: unfitting armour, see invisible, clever 1, herbivore 3, speed 3, slow
metabolism 2, evolution 1
a: Renounce Religion


You were in the Dungeon.
You worshipped Sif Muna.
Sif Muna was noncommittal.
You were not hungry.

You visited 1 branch You collected 19 gold pieces.

Inventory:

Hand Weapons
 a - a +1 dagger (weapon)
Armour
 b - a +1 robe (worn)
Jewellery
 k - an amulet of faith (around neck)
Scrolls
 j - a scroll of blinking
 m - a scroll of torment {unknown}
 n - a scroll of identify
 o - a scroll of magic mapping {unknown}
 s - a scroll of immolation {unknown}
 t - a scroll of recharging {unknown}
Potions
 e - 2 potions of curing
 g - a potion of haste
 h - a potion of magic
 i - a potion of berserk rage
 l - a potion of mutation
 q - 3 potions of cure mutation
 r - a potion of invisibility
 u - 2 potions of flight
Books
 c - a book of Maledictions

   Spells                             Type                      Level
   a - Corona                         Hexes                        1
   b - Ensorcelled Hibernation        Hexes/Ice                    2
   c - Confuse                        Hexes                        3
   d - Tukima's Dance                 Hexes                        3
   e - Dazzling Spray                 Conjuration/Hexes            3
 v - a book of Geomancy

   Spells                             Type                      Level
   a - Sandblast                      Earth                        1
   b - Passwall                       Transmutation/Earth          2
   c - Stone Arrow                    Conjuration/Earth            3
   d - Petrify                        Transmutation/Earth          4
   e - Lee's Rapid Deconstruction     Earth                        5
 w - a book of Minor Magic

   Spells                             Type                      Level
   a - Magic Dart                     Conjuration                  1
   b - Blink                          Translocation                2
   c - Call Imp                       Summoning                    2
   d - Repel Missiles                 Charms/Air                   2
   e - Slow                           Hexes                        2
   f - Conjure Flame                  Conjuration/Fire             3
   g - Mephitic Cloud                 Conjuration/Poison/Air       3
Comestibles
 d - a bread ration
 p - 2 royal jellies


   Skills:
 + Level 1.7 Short Blades
 + Level 3.9 Dodging
 * Level 11.5 Stealth
 * Level 5.2 Spellcasting
 * Level 7.9 Hexes


You had 8 spell levels left.
You knew the following spells:

 Your Spells              Type           Power        Failure   Level  Hunger
a - Corona                Hex            #####..      1%          1    None
b - Ensorcelled Hibernat  Hex/Ice        ###...       3%          2    None
c - Confuse               Hex            #####...     1%          3    ##.....


Dungeon Overview and Level Annotations

Branches:
Dungeon (1/1)

Altars:
Elyvilon
Kikubaaqudgha
Sif Muna
Vehumet
Zin
The Shining One


Innate Abilities, Weirdness & Mutations

You are tiny and cannot use many weapons and most armour.
You have supernaturally acute eyesight.
You are a herbivore.
You cover ground extremely quickly.
You need consume almost no food.
Your mind is acute. (Int +2)
You evolve.


Message History

Press: ? - help, Shift-Dir - straight line, f/p - deep elf mage
Aim: a deep elf mage, wielding a long sword of holy wrath (moderately wounded, chance to defeat MR: 33%)
The deep elf mage easily resists.
The deep elf mage hits you with a long sword of holy wrath.
Casting: Ensorcelled Hibernation
Confirm with . or Enter, or press ? or * to list all spells.
Aiming: Ensorcelled Hibernation
Press: ? - help, Shift-Dir - straight line, f/p - deep elf mage
Aim: a deep elf mage, wielding a long sword of holy wrath (moderately wounded, chance to defeat MR: 33%)
The deep elf mage easily resists.
The deep elf mage closely misses you.
Casting: Ensorcelled Hibernation
Confirm with . or Enter, or press ? or * to list all spells.
Aiming: Ensorcelled Hibernation
Press: ? - help, Shift-Dir - straight line, f/p - deep elf mage
Aim: a deep elf mage, wielding a long sword of holy wrath (moderately wounded, chance to defeat MR: 33%)
The deep elf mage easily resists.
The deep elf mage casts a spell at you. The bolt of fire hits you!
Ouch! That really hurt!
You die...

▓▓▓▓▓▓ ▓▓▓ '....♣♣♣
♣.##### #....♣.♣
♣♣.#___# #....♣.♣
♣..#!..#
#....≈.♣♣♣♣.###'#+###+##
#...≈≈♣♣♣...#...@e.....#
#..≈≈≈≈.♣..E+.⌠........#
#..≈≈≈≈≈≈...#...######+#
#.≈≈≈≈≈≈....#.⌠.#
#.≈≈≈≈≈.....#...#
#.≈≈≈....÷..#'###
#...........#.))#
............#___#
▓▓▓▓▓▓▓▓▓▓▓▓▓▓▓▓▓


You could see a deep elf mage.

Vanquished Creatures
  A scorpion (D)
  A wizard (D)
  Jessica (D)
  A human (D)
  A kobold demonologist (D)
  An ooze (D)
  2 rats (D)
8 creatures vanquished.

Vanquished Creatures (others)
  2 draconian scorchers (D)
  A yaktaur (D)
  2 plants (D)
5 creatures vanquished.

Grand Total: 13 creatures vanquished

Notes
Turn   | Place    | Note
--------------------------------------------------------------
     0 | D        | Hipnos the Spriggan Enchanter began the quest for the Orb.
     0 | D        | Reached XP level 1. HP: 9/9 MP: 5/5
     4 | D        | Reached skill level 5 in Stealth
     7 | D        | Reached skill level 6 in Stealth
    12 | D        | Noticed Jessica
    15 | D        | Killed Jessica
    15 | D        | Reached skill level 7 in Stealth
    15 | D        | Reached skill level 5 in Hexes
    15 | D        | Reached XP level 2. HP: 13/13 MP: 5/7
    15 | D        | Reached XP level 3. HP: 16/16 MP: 6/9
    24 | D        | Learned a level 2 spell: Ensorcelled Hibernation
    28 | D        | Learned a level 3 spell: Confuse
    48 | D        | Reached skill level 8 in Stealth
   146 | D        | Killed a yaktaur
   187 | D        | Noticed a scorpion
   221 | D        | Killed a scorpion
   221 | D        | Reached skill level 10 in Stealth
   221 | D        | Reached XP level 4. HP: 21/21 MP: 9/11
   240 | D        | Gained mutation: You evolve. [potion of mutation]
   240 | D        | Gained mutation: Your mind is acute. (Int +2) [potion of mutation]
   282 | D        | Noticed a water elemental
   314 | D        | Found a radiant altar of Vehumet.
   314 | D        | Found a deep blue altar of Sif Muna.
   314 | D        | Found an ancient bone altar of Kikubaaqudgha.
   314 | D        | Noticed a wizard
   316 | D        | Killed a wizard
   316 | D        | Reached skill level 11 in Stealth
   316 | D        | Reached skill level 5 in Spellcasting
   318 | D        | Reached XP level 5. HP: 24/24 MP: 11/13
   320 | D        | Became a worshipper of Sif Muna the Loreminder
   330 | D        | Killed a white draconian scorcher
   333 | D        | Found a glowing silver altar of Zin.
   333 | D        | Found a glowing golden altar of the Shining One.
   333 | D        | Found a white marble altar of Elyvilon.
   334 | D        | Noticed a deep elf mage
   335 | D        | Killed a white draconian scorcher
   357 | D        | Killed from afar by a deep elf mage

Skill      XL: |  1  2  3  4 |
---------------+-------------+-----
Stealth        | 7 10 11 | 11.5
Hexes          | 5 7 |  7.9
Spellcasting   | 3 4 5 |  5.2
Short Blades   | |  1.7
Dodging        | |  3.9

Action                   |  1- 3 |  4- 6 || total
-------------------------+-------+-------++-------
Melee: Dagger            |     7 |     7 ||    14
 Cast: Ensorcelled Hiber |     1 |     8 ||     9
  Use: Scroll            |       |     2 ||     2
       Potion            |       |     3 ||     3
 Stab: Sleeping          |     7 |     2 ||     9
Dodge: Dodged            |       |     7 ||     7
